 Dungeon Crawl Stone Soup version 0.18.1-2-ga659475 (webtiles) character file.

327 Hipnos the Covert (level 6, 0/41 HPs)
             Began as an Octopode Assassin on May 8, 2016.
             Slain by a slave (5 damage)
             ... led by Pikel
             ... on level 5 of the Dungeon.
             The game lasted 00:11:11 (3632 turns).

Hipnos the Covert (Octopode Assassin)               Turns: 3632, Time: 00:11:11

Health: 0/41       AC:  1    Str: 12    XL:     6   Next: 50%
Magic:  6/6        EV: 15    Int: 13    God:
Gold:   187        SH:  0    Dex: 14    Spells: 0 memorised, 5 levels left

rFire  . . .     SeeInvis .     a - +2 dagger
rCold  . . .     Gourm    .     (no shield)
rNeg   . . .     Faith    .     (helmet restricted)
rPois  .         Spirit   .     (no amulet)
rElec  .         Dismiss  .     i - +3 ring of evasion
rCorr  .         Reflect  .     (no ring)
SustAt .         Harm     .     (no ring)
MR     .....                    (no ring)
Stlth  ++++++....               (no ring)
                                (no ring)
                                (no ring)
                                (no ring)

@: not resistant to hostile enchantments, very stealthy
A: almost no armour, amphibious, 8 rings, constrict 8, camouflage 1, gelatinous
body 1
a: no special abilities


You were on level 5 of the Dungeon.
You were not hungry.

You visited 1 branch of the dungeon, and saw 6 of its levels.

You collected 187 gold pieces.

Inventory:

Hand Weapons
 a - a +2 dagger (weapon)
 b - a +0 blowgun
Missiles
 c - 8 poisoned needles
 d - 2 curare-tipped needles
Jewellery
 i - a +3 ring of evasion (left tentacle)
Wands
 n - a wand of acid (5/15)
Scrolls
 g - 2 scrolls of fog
 j - a scroll of recharging
 l - a scroll of enchant armour
Potions
 e - a potion of haste
 h - a potion of cancellation
 k - a potion of lignification {unknown}
 m - 2 potions of curing {unknown}
Comestibles
 f - 5 bread rations
 o - a slice of pizza
 p - a chunk of flesh


   Skills:
 * Level 2.6 Fighting
 + Level 2.4 Short Blades
 + Level 2.1 Throwing
 * Level 2.2 Dodging
 * Level 9.4 Stealth


You had 5 spell levels left.
You didn't know any spells.

Dungeon Overview and Level Annotations

Branches:
Dungeon (6/15)
 Temple: D:4-7

Altars:
Fedhas
Gozag
Nemelex Xobeh
Okawaru
Pakellas
Ru
Vehumet

Annotations:
D:5 Pikel


Innate Abilities, Weirdness & Mutations

You cannot wear most types of armour.
You are amphibious.
You can wear up to eight rings at the same time.
You can use your tentacles to constrict eight enemies at once.
Your skin changes colour to match your surroundings (Stealth).
Your rubbery body absorbs attacks (AC +1).


Message History

The slave is moderately wounded.
You constrict the slave.
Pikel shouts!
The slave hits you.
You hit the slave.
The slave is heavily wounded.
You constrict the slave. The slave hits you!
* * * LOW HITPOINT WARNING * * *
The slave misses you.
You release your grip on the slave.
The slave hits you!
* * * LOW HITPOINT WARNING * * *
You hit the slave. You grab the slave.
The slave is lightly wounded.
You constrict the slave.
Drink which item? (? for menu, Esc to quit)
It was a potion of cancellation.
You feel magically purged.
You constrict the slave, but do no damage.
The slave hits you.
You die...

.....'..[................#
.....#########.....).....#####
.....##......................#
......+...........#..........##
...####.......#+#.+...........#
...# #.......#.#.#...........#
...####.......#'#.#.....(.....#
.......K...#.................##
.........#...p@............####
.........#...p.................
...........##................####
.......#'#..K..........#######
.......#.#######.......#
.......#.#### #........
............. .........
..#.......... ..[..#...
............. .......


You could see Pikel and 2 slaves.

Vanquished Creatures
  A howler monkey (D:3)
  A hound (D:4)
  A giant frog skeleton (D:4)
  Jessica (D:2)
  2 hound skeletons
  3 gnolls (D:4)
  7 adders
  An ooze (D:1)
  2 worms (D:2)
  6 giant geckos
  8 orcs
  2 ball pythons
  2 giant cockroaches (D:3)
  6 goblins
  6 hobgoblins
  2 jackals (D:1)
  A quokka (D:2)
  4 bats
  4 giant newts
  6 kobolds
  12 rats
78 creatures vanquished.

Vanquished Creatures (others)
  An ice dragon (D:2)
1 creature vanquished.

Grand Total: 79 creatures vanquished

Notes
Turn   | Place    | Note
--------------------------------------------------------------
     0 | D:1      | Hipnos the Octopode Assassin began the quest for the Orb.
     0 | D:1      | Reached XP level 1. HP: 14/14 MP: 1/1
   149 | D:1      | Reached XP level 2. HP: 14/19 MP: 2/2
   341 | D:1      | Reached skill level 6 in Stealth
   691 | D:1      | Reached XP level 3. HP: 17/24 MP: 3/3
   927 | D:2      | Noticed Jessica
   933 | D:2      | Killed Jessica
   940 | D:2      | Reached XP level 4. HP: 17/29 MP: 4/4
  1075 | D:2      | Reached skill level 7 in Stealth
  1254 | D:2      | Found a sacrificial altar of Ru.
  1318 | D:2      | Found an oddly glowing altar of Pakellas.
  1318 | D:2      | Noticed an ice dragon
  1331 | D:2      | Killed an ice dragon
  1562 | D:2      | Found a radiant altar of Vehumet.
  1900 | D:3      | Found an iron altar of Okawaru.
  1921 | D:3      | Reached XP level 5. HP: 33/34 MP: 5/5
  2031 | D:3      | Reached skill level 8 in Stealth
  2545 | D:3      | Found an opulent altar of Gozag.
  2548 | D:3      | Found a sparkling altar of Nemelex Xobeh.
  2569 | D:4      | Found a blossoming altar of Fedhas.
  2598 | D:4      | Reached XP level 6. HP: 38/41 MP: 6/6
  2653 | D:4      | Reached skill level 9 in Stealth
  2679 | D:4      | HP: 2/41 [gnoll/flail (13)]
  2699 | D:5      | Entered Level 5 of the Dungeon
  3011 | D:5      | Noticed a slave
  3011 | D:5      | Noticed a slave
  3166 | D:5      | Noticed a slave
  3167 | D:5      | Noticed Pikel
  3184 | D:5      | Noticed a slave
  3632 | D:5      | Slain by a slave

Skill      XL: |  1  2  3  4  5  6 |
---------------+-------------------+-----
Stealth        | 6 7 8 9 |  9.4
Dodging        | 2 |  2.2
Fighting       | |  2.6
Short Blades   | |  2.4
Throwing       | |  2.1

Action                   |  1- 3 |  4- 6 || total
-------------------------+-------+-------++-------
Melee: Dagger            |    40 |   126 ||   166
       Tentacles         |     4 |    27 ||    31
       Constrict         |     6 |    32 ||    38
  Use: Scroll            |       |     4 ||     4
       Potion            |       |     2 ||     2
 Stab: Sleeping          |    15 |    15 ||    30
  Eat: Chunk             |       |     9 ||     9
Armor: Skin              |       |     7 ||     7
Dodge: Dodged            |     8 |    57 ||    65
